AoeStats
← 纪忆

Fortress

509331626Analyzed
4v4 RM · 6d ago on Sep 26, 2026· 47m 8s· 8 players
Game mode
Random Map
Map size
Huge
Population
200
Speed
Normal
Resources
Standard
Victory
Conquest
Starting age
Dark Age
Ending age
Imperial Age
RankedLock teamsTeams togetherTeam positionsShared explorationLock speedFull tech treeHidden civsTurbo modeCheats
Victory
Defeat
🇫🇷 Bengalis · France
1563
+12
🇫🇷 Georgians · France
1493
+14
🇦🇺 Danes · Australia
1471
+15
🇹🇷 Persians · Türkiye
1443
+16
🇨🇳 Mongols · China
1810
-26
🇨🇳 Berbers · China
1550
-17
🇨🇳 Franks · China
1319
-9
🇭🇰 Chinese · Hong Kong SAR China
1156
-5
mylove__
7:12 Feudal Age
11:31 Castle Age
9:21 Double-Bit Axe
9:23 Horse Collar
13:57 Bow Saw
14:32 Heavy Plow
21:35 Gold Mining
22:19 Loom
23:10 Wheelbarrow
22:52 Town Watch
26:08 Imperial Age
24:05 Scale Barding Armor
24:11 Forging
25:08 Hand Cart
26:13 Bloodlines
26:19 Husbandry
26:40 Chain Barding Armor
26:57 Iron Casting
25:55 Cavalier
27:19 Conscription
28:09 Plate Barding Armor
27:33 Savar
30:22 Blast Furnace
32:22 Caravan
32:29 Caravan
36:41 Light Cavalry
37:30 Hussar
44:24 Elite War Elephant
Tifur
6:55 Feudal Age
11:28 Castle Age
9:57 Double-Bit Axe
10:09 Horse Collar
11:46 Loom
11:48 Town Watch
12:36 Bow Saw
17:19 Wheelbarrow
21:05 Gold Mining
24:50 Imperial Age
22:14 Fletching
23:14 Heavy Plow
23:16 Bodkin Arrow
24:14 Ballistics
25:01 Hand Cart
25:08 Elite Elephant Archer
26:47 Bracer
28:28 Chemistry
27:30 Padded Archer Armor
27:44 Bloodlines
28:33 Conscription
29:31 Husbandry
30:00 Leather Archer Armor
29:59 Caravan
31:27 Ring Archer Armor
31:21 Paiks
36:00 Gold Shaft Mining
38:27 Mahayana
46:24 Crop Rotation
46:58 Two-Man Saw
45:30 Onager
45:33 Siege Elephant
47:23 Town Patrol
XbugX
7:41 Feudal Age
11:31 Castle Age
10:04 Double-Bit Axe
10:01 Horse Collar
13:45 Bow Saw
14:56 Loom
17:31 Town Watch
18:27 Wheelbarrow
20:22 Heavy Plow
20:14 Gold Mining
20:23 Stone Mining
26:42 Imperial Age
25:22 Scale Barding Armor
26:00 Scale Mail Armor
26:12 Forging
26:24 Chain Barding Armor
26:13 Svan Towers
26:48 Elite Monaspa
27:49 Conscription
28:10 Stone Shaft Mining
30:39 Plate Barding Armor
30:36 Forging
32:33 Bloodlines
32:23 Husbandry
32:59 Iron Casting
32:56 Aznauri Cavalry
32:20 Light Cavalry
35:07 Cavalier
35:12 Hussar
37:05 Blast Furnace
36:34 Hand Cart
36:53 Caravan
40:07 Coinage
42:51 Banking
45:16 Masonry
45:27 Ballistics
44:58 Fletching
45:45 Hoardings
46:53 Crop Rotation
46:39 Bodkin Arrow
47:19 Architecture
47:49 Chemistry
46:30 Treadmill Crane
politeOil
7:03 Feudal Age
11:03 Castle Age
8:49 Horse Collar
9:43 Double-Bit Axe
12:32 Bow Saw
13:09 Heavy Plow
18:18 Gold Mining
23:19 Imperial Age
22:32 Wheelbarrow
21:45 Loom
23:26 Capped Ram
24:42 Scale Mail Armor
24:52 Forging
25:24 Siege Ram
29:10 Elite Jomsviking
30:34 Chain Mail Armor
30:55 Iron Casting
35:36 Plate Mail Armor
36:07 Blast Furnace
36:32 Squires
36:17 Gambesons
36:18 Arson
36:46 Hamask
_LT_学成
6:33 Feudal Age
10:20 Castle Age
9:15 Double-Bit Axe
9:11 Horse Collar
20:11 Wheelbarrow
24:24 Imperial Age
22:13 Stone Mining
22:13 Gold Mining
22:17 Fletching
22:27 Padded Archer Armor
22:23 Loom
23:14 Bodkin Arrow
23:54 Leather Archer Armor
24:37 Ballistics
24:56 Thumb Ring
25:29 Gold Shaft Mining
25:31 Stone Shaft Mining
25:53 Bracer
27:41 Chemistry
29:20 Conscription
29:02 Elite Mangudai
34:00 Bow Saw
34:32 Parthian Tactics
36:31 Hand Cart
36:02 Town Watch
我叫徐海怪
7:13 Feudal Age
11:44 Castle Age
12:08 Wheelbarrow
12:07 Double-Bit Axe
18:13 Loom
21:10 Gold Mining
25:00 Bow Saw
27:47 Imperial Age
25:43 Scale Barding Armor
25:48 Forging
26:34 Gold Shaft Mining
26:20 Husbandry
27:13 Chain Barding Armor
27:22 Hand Cart
28:45 Cavalier
30:34 Plate Barding Armor
30:34 Iron Casting
30:20 Paladin
32:35 Conscription
33:01 Chivalry
33:44 Coinage
33:42 Light Cavalry
35:28 Banking
41:46 Caravan
47:26 Blast Furnace
纪忆
7:28 Feudal Age
11:24 Castle Age
9:26 Double-Bit Axe
13:24 Bow Saw
16:51 Loom
18:11 Wheelbarrow
25:35 Imperial Age
22:51 Town Watch
24:05 Hand Cart
24:00 Fletching
24:37 Bodkin Arrow
24:43 Padded Archer Armor
24:26 Treadmill Crane
25:08 Ballistics
26:03 Kasbah
26:21 Bloodlines
26:12 Husbandry
26:28 Bracer
27:12 Conscription
28:03 Chemistry
27:40 Guilds
26:51 Elite Camel Archer
27:50 Leather Archer Armor
28:18 Guilds
27:42 Light Cavalry
28:23 Heavy Camel Rider
30:20 Ring Archer Armor
29:56 Thumb Ring
30:19 Caravan
32:46 Maghrebi Camels
35:00 Masonry
34:58 Cavalier
36:16 Hussar
36:24 Elite Skirmisher
37:12 Scale Barding Armor
38:00 Forging
39:58 Chain Barding Armor
40:13 Iron Casting
41:32 Pikeman
42:13 Squires
帝国雷
7:15 Feudal Age
11:19 Castle Age
9:52 Double-Bit Axe
10:31 Horse Collar
11:28 Gold Mining
11:28 Stone Mining
13:31 Bow Saw
14:08 Heavy Plow
16:54 Loom
22:19 Gold Shaft Mining
22:19 Stone Shaft Mining
22:05 Padded Archer Armor
22:02 Fletching
27:50 Imperial Age
25:57 Thumb Ring
26:41 Ballistics
26:28 Bodkin Arrow
27:37 Leather Archer Armor
27:58 Elite Chu Ko Nu
28:59 Conscription
29:03 Bracer
29:40 Ring Archer Armor
31:56 Two-Man Saw
33:07 Chemistry
Connection lost

Rejoining the realm…

Still unreachable

The connection could not be restored.

Session expired

The server has moved on; the page needs a fresh start.